IL
BUFFALO BISONS @ NORFOLK TIDES
08/23/2048
 
TOP OF THE 1ST
Buffalo Bisons batting - Pitching for Norfolk Tides : RHP Dave Reisinger
Pitching: RHP Dave Reisinger
Batting: RHB Michel Martineau 0-0: Foul Ball, location: 2F
0-1: Ball
1-1: Swinging Strike
1-2: Ball
2-2: Strikes out swinging
Batting: RHB Frank Caulfield 0-0: Foul Ball, location: 2F
0-1: Called Strike
0-2: Strikes out swinging
Batting: RHB Leo Mair 0-0: Ball
1-0: Foul Ball, location: 2F
1-1: Ground out 5-3 (Groundball, 5, EV 85.0 MPH)
Top of the 1st over - 0 runs, 0 hits, 0 errors, 0 left on base; Buffalo 0 - Norfolk 0
BOTTOM OF THE 1ST
Norfolk Tides batting - Pitching for Buffalo Bisons : RHP Art Nobles
Pitching: RHP Art Nobles
Batting: RHB Bobby Melillo 0-0: Ball
1-0: Called Strike
1-1: Ball
2-1: Ball
3-1: Foul Ball, location: 2F
3-2: Ground out 6-3 (Groundball, 6, EV 88.8 MPH)
Batting: RHB Francisco Viera 0-0: Called Strike
0-1: Called Strike
0-2: Strikes out looking
Batting: LHB Wes Goscinski 0-0: Ball
1-0: Ball
2-0: Ball
3-0: Called Strike
3-1: Foul Ball, location: 2F
3-2: Base on Balls
Batting: LHB Jose Chinchilla 0-0: Called Strike
0-1: Called Strike
0-2: Ball
1-2: Ball
2-2: Foul Ball, location: 2F
2-2: SINGLE (Line Drive, 9S, EV 96.9 MPH)
Wes Goscinski to second
Runner from 2nd tries for 3rd, SAFE, throw by RF made to third
Batting: RHB Mario Saez 0-0: Swinging Strike
0-1: Fielders Choice at 2nd, 5-4 (Groundball, 56, EV 105.0 MPH)
Bottom of the 1st over - 0 runs, 1 hit, 0 errors, 2 left on base; Buffalo 0 - Norfolk 0
TOP OF THE 2ND
Buffalo Bisons batting - Pitching for Norfolk Tides : RHP Dave Reisinger
Batting: RHB Butch Koglin 0-0: Foul Ball, location: 2F
0-1: Ball
1-1: Ball
2-1: Foul Ball, location: 2F
2-2: Strikes out swinging
Batting: RHB Jorge Baret 0-0: Called Strike
0-1: Ball
1-1: Foul Ball, location: 2F
1-2: Ball
2-2: Reached via error on a dropped throw from 3B, E3 (Groundball, 5, EV 101.9 MPH)
Batting: RHB Väinö Tapaninen 0-0: Ball
1-0: Called Strike
Jorge Baret steals 2nd base
1-1: Swinging Strike
1-2: Ball
Wild Pitch!
Jorge Baret to third
2-2: Foul Ball, location: 2F
2-2: Foul Ball, location: 2F
2-2: Ground out 4-3 (Groundball, 4, EV 83.8 MPH)
Jorge Baret scores
Batting: RHB Kyle Davis 0-0: Ball
1-0: Swinging Strike
1-1: Ball
2-1: Ball
3-1: Base on Balls
Batting: RHB Kyle Scruggs 0-0: Ball
1-0: Called Strike
Kyle Davis is caught stealing 2nd base 2-4
Top of the 2nd over - 1 run, 0 hits, 1 error, 0 left on base; Buffalo 1 - Norfolk 0
BOTTOM OF THE 2ND
Norfolk Tides batting - Pitching for Buffalo Bisons : RHP Art Nobles
Batting: SHB Ben Pierce 0-0: Ball
1-0: Ball
2-0: Foul Ball, location: 2F
2-1: Foul Ball, location: 2F
2-2: Strikes out swinging
Batting: RHB Travis Carter 0-0: Ball
1-0: Called Strike
1-1: Ground out 5-3 (Groundball, 56, EV 85.6 MPH)
Batting: RHB Adam Swimmer 0-0: Foul Ball, location: 2F
0-1: Foul Ball, location: 2F
0-2: Ball
1-2: Foul Ball, location: 2F
1-2: Ball
2-2: Ball
3-2: Strikes out looking
Bottom of the 2nd over - 0 runs, 0 hits, 0 errors, 0 left on base; Buffalo 1 - Norfolk 0
TOP OF THE 3RD
Buffalo Bisons batting - Pitching for Norfolk Tides : RHP Dave Reisinger
Batting: RHB Kyle Scruggs 0-0: Ground out 4-3 (Groundball, 4M, EV 95.0 MPH)
Batting: RHB John Loving 0-0: Called Strike
0-1: SINGLE (Line Drive, 5D, EV 96.9 MPH)
Batting: RHB Michel Martineau 0-0: Ball
1-0: Called Strike
1-1: Foul Ball, location: 2F
1-2: Ball
2-2: Fly out, F9 (Flyball, 9S, EV 93.1 MPH)
Batting: RHB Frank Caulfield 0-0: Foul Ball, location: 2F
0-1: Ball
1-1: SINGLE (Line Drive, 8LS, EV 91.9 MPH)
John Loving to second
Runner from 2nd tries for 3rd, SAFE, throw by CF made to third
Batting: RHB Leo Mair 0-0: Fielders Choice at 2nd, U6 (Groundball, 6M, EV 88.1 MPH)
Top of the 3rd over - 0 runs, 2 hits, 0 errors, 2 left on base; Buffalo 1 - Norfolk 0
BOTTOM OF THE 3RD
Norfolk Tides batting - Pitching for Buffalo Bisons : RHP Art Nobles
Batting: RHB Andy Bridger 0-0: Called Strike
0-1: Foul Ball, location: 2F
0-2: Ground out 5-3 (Groundball, 56S, EV 66.2 MPH)
Batting: RHB Bobby Melillo 0-0: Called Strike
0-1: Ball
1-1: Ground out 6-3 (Groundball, 6D, EV 81.2 MPH)
Batting: RHB Francisco Viera 0-0: Foul Ball, location: 2F
0-1: Ball
1-1: Ball
2-1: Ball
3-1: Base on Balls
Batting: LHB Wes Goscinski 0-0: Ball
1-0: Called Strike
1-1: Swinging Strike
1-2: Foul Ball, location: 2F
1-2: Strikes out swinging
Bottom of the 3rd over - 0 runs, 0 hits, 0 errors, 1 left on base; Buffalo 1 - Norfolk 0
TOP OF THE 4TH
Buffalo Bisons batting - Pitching for Norfolk Tides : RHP Dave Reisinger
Batting: RHB Butch Koglin 0-0: Foul Ball, location: 2F
0-1: Called Strike
0-2: DOUBLE (Groundball, 5L, EV 94.4 MPH)
Batting: RHB Jorge Baret 0-0: Called Strike
0-1: Swinging Strike
0-2: Ball
1-2: Strikes out looking
Batting: RHB Väinö Tapaninen 0-0: Fly out, F8 (Flyball, 8LXD, EV 106.2 MPH)
Runner from 2nd tags up, SAFE at 3rd, no throw by CF
Batting: RHB Kyle Davis 0-0: Ground out 3-1 (Groundball, 34S, EV 75.0 MPH)
Top of the 4th over - 0 runs, 1 hit, 0 errors, 1 left on base; Buffalo 1 - Norfolk 0
BOTTOM OF THE 4TH
Norfolk Tides batting - Pitching for Buffalo Bisons : RHP Art Nobles
Batting: LHB Jose Chinchilla 0-0: SINGLE (Groundball, 4M, EV 100.6 MPH) (infield hit)
Batting: RHB Mario Saez 0-0: Ball
1-0: Ball
2-0: Called Strike
2-1: Ball
3-1: Swinging Strike
3-2: Strikes out swinging
Jose Chinchilla is caught stealing 2nd base 2-4
Batter strikes out.
Batting: SHB Ben Pierce 0-0: Called Strike
0-1: Ground out 3-1 (Groundball, 34, EV 111.9 MPH)
Bottom of the 4th over - 0 runs, 1 hit, 0 errors, 0 left on base; Buffalo 1 - Norfolk 0
TOP OF THE 5TH
Buffalo Bisons batting - Pitching for Norfolk Tides : RHP Dave Reisinger
Batting: RHB Kyle Scruggs 0-0: Swinging Strike
0-1: Foul Ball, location: 2F
0-2: Strikes out swinging
Batting: RHB John Loving 0-0: Reached on error, E5 (Groundball, 56, EV 83.8 MPH)
Batting: RHB Michel Martineau 0-0: Called Strike
0-1: Ball
1-1: Ball
John Loving steals 2nd base
2-1: Ball
3-1: Swinging Strike
3-2: Strikes out looking
Batting: RHB Frank Caulfield 0-0: Ball
1-0: Ball
2-0: Ground out U3 (Groundball, 34, EV 85.0 MPH)
Top of the 5th over - 0 runs, 0 hits, 1 error, 1 left on base; Buffalo 1 - Norfolk 0
BOTTOM OF THE 5TH
Norfolk Tides batting - Pitching for Buffalo Bisons : RHP Art Nobles
Batting: RHB Travis Carter 0-0: Foul Ball, location: 2F
0-1: Foul Ball, location: 2F
0-2: Strikes out swinging
Batting: RHB Adam Swimmer 0-0: Swinging Strike
0-1: Swinging Strike
0-2: Ball
1-2: Strikes out swinging
Batting: RHB Andy Bridger 0-0: Ground out 5-3 (Groundball, 56, EV 103.1 MPH)
Bottom of the 5th over - 0 runs, 0 hits, 0 errors, 0 left on base; Buffalo 1 - Norfolk 0
TOP OF THE 6TH
Buffalo Bisons batting - Pitching for Norfolk Tides : RHP Dave Reisinger
Batting: RHB Leo Mair 0-0: Called Strike
0-1: Ball
1-1: Ball
2-1: Ground out 5-3 (Groundball, 5, EV 87.5 MPH)
Batting: RHB Butch Koglin 0-0: Foul Ball, location: 2F
0-1: Ball
1-1: Called Strike
1-2: Ball
2-2: Foul Ball, location: 2F
2-2: Strikes out swinging
Batting: RHB Jorge Baret 0-0: Ball
1-0: Foul Ball, location: 2F
1-1: Ground out 6-3 (Groundball, 6, EV 78.8 MPH)
Top of the 6th over - 0 runs, 0 hits, 0 errors, 0 left on base; Buffalo 1 - Norfolk 0
BOTTOM OF THE 6TH
Norfolk Tides batting - Pitching for Buffalo Bisons : RHP Art Nobles
Batting: RHB Bobby Melillo 0-0: Swinging Strike
0-1: Called Strike
0-2: Ball
1-2: Fly out, F8 (Flyball, 78S, EV 90.0 MPH)
Batting: RHB Francisco Viera 0-0: Ball
1-0: Swinging Strike
1-1: Ball
2-1: Ground out 6-3 (Groundball, 56, EV 88.1 MPH)
Batting: LHB Wes Goscinski 0-0: Foul Ball, location: 2F
0-1: Foul Ball, location: 2F
0-2: Ball
1-2: Strikes out swinging
Bottom of the 6th over - 0 runs, 0 hits, 0 errors, 0 left on base; Buffalo 1 - Norfolk 0
TOP OF THE 7TH
Buffalo Bisons batting - Pitching for Norfolk Tides : RHP Dave Reisinger
Batting: RHB Väinö Tapaninen 0-0: Called Strike
0-1: Foul Ball, location: 2F
0-2: Foul Ball, location: 2F
0-2: Ball
1-2: Ball
2-2: Fly out, F8 (Flyball, 8LM, EV 85.0 MPH)
Batting: RHB Kyle Davis 0-0: Ground out 4-3 (Groundball, 4, EV 85.0 MPH)
Batting: RHB Kyle Scruggs 0-0: Swinging Strike
0-1: Ball
1-1: Ground out 3-1 (Groundball, 34S, EV 86.9 MPH)
Top of the 7th over - 0 runs, 0 hits, 0 errors, 0 left on base; Buffalo 1 - Norfolk 0
BOTTOM OF THE 7TH
Norfolk Tides batting - Pitching for Buffalo Bisons : RHP Art Nobles
Batting: LHB Jose Chinchilla 0-0: Ball
1-0: Foul Ball, location: 2F
1-1: Ball
2-1: SINGLE (Groundball, 56D, EV 101.9 MPH)
Batting: RHB Mario Saez 0-0: Ball
1-0: Ball
Wild Pitch!
Jose Chinchilla to second
2-0: Ground out 5-3 (Groundball, 56, EV 76.9 MPH)
Batting: SHB Ben Pierce 0-0: Foul Ball, location: 2F
0-1: Ball
1-1: Foul Ball, location: 2F
1-2: Ground out 4-3 (Groundball, 4, EV 88.8 MPH)
Jose Chinchilla to third
Batting: RHB Travis Carter 0-0: Foul Ball, location: 2F
0-1: Foul Ball, location: 2F
0-2: Fly out, F7 (Flyball, 7LSF, EV 91.9 MPH)
Bottom of the 7th over - 0 runs, 1 hit, 0 errors, 1 left on base; Buffalo 1 - Norfolk 0
TOP OF THE 8TH
Buffalo Bisons batting - Pitching for Norfolk Tides : RHP Dave Reisinger
Batting: RHB John Loving 0-0: Ground out 1-6-3 (Groundball, 15S, EV 108.1 MPH)
Batting: RHB Michel Martineau 0-0: Called Strike
0-1: Ball
1-1: Foul Ball, location: 2F
1-2: SINGLE (Groundball, 6S, EV 69.4 MPH) (infield hit)
Pitching: RHP Aaron Schneider
Batting: RHB Frank Caulfield 0-0: Called Strike
0-1: Called Strike
Michel Martineau steals 2nd base (no throw)
0-2: Ball
1-2: Fly out, F7 (Flyball, 7, EV 91.2 MPH)
Batting: RHB Leo Mair 0-0: Ball
1-0: Foul Ball, location: 2F
1-1: Ball
2-1: Ball
3-1: Base on Balls
Batting: RHB Butch Koglin 0-0: Ball
1-0: Ball
2-0: Ball
3-0: Called Strike
3-1: Fielders Choice at 2nd, 6-4 (Groundball, 6MD, EV 104.4 MPH)
Top of the 8th over - 0 runs, 1 hit, 0 errors, 2 left on base; Buffalo 1 - Norfolk 0
BOTTOM OF THE 8TH
Norfolk Tides batting - Pitching for Buffalo Bisons : RHP Art Nobles
Batting: RHB Adam Swimmer 0-0: Called Strike
0-1: Foul Ball, location: 2F
0-2: Ball
1-2: Ground out 6-3 (Groundball, 56S, EV 90.6 MPH)
Pinch Hitting: SHB Brian Bentz 0-0: Foul Ball, location: 2F
0-1: Foul Ball, location: 2F
0-2: Foul Ball, location: 2F
0-2: Ball
1-2: Foul Ball, location: 2F
1-2: Ball
2-2: Ball
3-2: Foul Ball, location: 2F
3-2: Foul Ball, location: 2F
3-2: Foul Ball, location: 2F
3-2: Foul Ball, location: 2F
3-2: Fly out, F9 (Flyball, 9, EV 81.9 MPH)
Batting: RHB Bobby Melillo 0-0: Ball
1-0: Ball
2-0: Foul Ball, location: 2F
2-1: Foul Ball, location: 2F
2-2: SINGLE (Groundball, 6MD, EV 95.6 MPH)
Pitching: LHP Mario Amore
Batting: RHB Francisco Viera 0-0: Called Strike
0-1: Ball
1-1: Ball
2-1: Foul Ball, location: 2F
2-2: Strikes out swinging
Bottom of the 8th over - 0 runs, 1 hit, 0 errors, 1 left on base; Buffalo 1 - Norfolk 0
TOP OF THE 9TH
Buffalo Bisons batting - Pitching for Norfolk Tides : RHP Aaron Schneider
Pitching: RHP Roger Warren
Now at 2B: Brian Bentz
Now at SS: Francisco Viera
Pinch Hitting: LHB Gabe Pace 0-0: Ball
1-0: Ground out 6-3 (Groundball, 4M, EV 100.0 MPH)
Batting: RHB Väinö Tapaninen 0-0: Ball
1-0: Ball
2-0: Ball
3-0: Called Strike
3-1: Called Strike
3-2: Base on Balls
Batting: RHB Kyle Davis 0-0: Ball
1-0: Called Strike
Väinö Tapaninen steals 2nd base (no throw)
1-1: Ball
2-1: Swinging Strike
2-2: Strikes out swinging
Batting: RHB Kyle Scruggs 0-0: Foul Ball, location: 2F
0-1: Ball
1-1: Foul Ball, location: 2F
1-2: Ball
2-2: Foul Ball, location: 2F
2-2: Foul Ball, location: 2F
2-2: Ball
3-2: Base on Balls
Batting: RHB John Loving 0-0: Ball
1-0: Ball
2-0: Called Strike
2-1: Foul Ball, location: 2F
2-2: Ball
3-2: Fly out, F9 (Line Drive, 9, EV 96.2 MPH)
Top of the 9th over - 0 runs, 0 hits, 0 errors, 2 left on base; Buffalo 1 - Norfolk 0
BOTTOM OF THE 9TH
Norfolk Tides batting - Pitching for Buffalo Bisons : LHP Mario Amore
Pitching: LHP Julio Gonzalez
Now in RF: Gabe Pace
Pinch Hitting: RHB Ashton Holloway 0-0: Ground out 6-3 (Groundball, P, EV 85.0 MPH)
Pinch Hitting: RHB Kory Sanchez 0-0: Foul Ball, location: 2F
0-1: Foul Ball, location: 2F
0-2: Ball
1-2: Foul Ball, location: 2F
1-2: Foul Ball, location: 2F
1-2: Ball
2-2: Ball
3-2: Foul Ball, location: 2F
3-2: Base on Balls
Batting: RHB Mario Saez 0-0: Ball
Wild Pitch!
Kory Sanchez to second
1-0: Swinging Strike
1-1: Ball
2-1: Ball
3-1: Base on Balls
Batting: SHB Ben Pierce 0-0: Ball
1-0: Called Strike
1-1: Swinging Strike
1-2: Ball
2-2: SINGLE (Line Drive, 8RS, EV 99.4 MPH)
Kory Sanchez to third
Mario Saez to second
Runner from 3rd tries for Home, SAFE, throw by CF to home
Pitching: RHP Joe Spencer
Pinch Hitting: LHB Pat Shaddock 0-0: Ball
1-0: Ball
2-0: Swinging Strike
2-1: Called Strike
2-2: Ball
3-2: Strikes out swinging
Pinch Hitting: LHB Tyler Allen 0-0: Ball
1-0: Called Strike
1-1: Swinging Strike
1-2: Ball
2-2: Foul Ball, location: 2F
2-2: Ball
3-2: Strikes out looking
Bottom of the 9th over - 1 run, 1 hit, 0 errors, 2 left on base; Buffalo 1 - Norfolk 1
TOP OF THE 10TH
Buffalo Bisons batting - Pitching for Norfolk Tides : RHP Roger Warren
Now at C: Kory Sanchez
Now at 1B: Pat Shaddock
Now at 3B: Andrew Korman
Now in LF: Mario Saez
Now in CF: Tyler Allen
Batting: RHB Michel Martineau 0-0: Ball
1-0: Swinging Strike
1-1: Swinging Strike
1-2: Foul Ball, location: 2F
1-2: Foul Ball, location: 2F
1-2: Strikes out swinging
Batting: RHB Frank Caulfield 0-0: Ball
1-0: Called Strike
1-1: Ball
2-1: Called Strike
2-2: Ball
3-2: SINGLE (Groundball, 34D, EV 98.1 MPH)
Batting: RHB Leo Mair 0-0: Ball
Frank Caulfield steals 2nd base
1-0: Ball
2-0: Ball
3-0: Base on Balls
Pitching: RHP Ryan Hemmerich
Batting: RHB Butch Koglin 0-0: Called Strike
0-1: Called Strike
0-2: Ball
1-2: Foul Ball, location: 2F
1-2: Ball
2-2: Foul Ball, location: 2F
2-2: Ball
3-2: Base on Balls
Frank Caulfield to third
Leo Mair to second
Batting: LHB Gabe Pace 0-0: Ball
1-0: Fly out, F6 (Popup, 6MS, EV 71.2 MPH)
Batting: RHB Väinö Tapaninen 0-0: Ball
1-0: Ball
2-0: Called Strike
2-1: Foul Ball, location: 2F
2-2: Fly out, F6 (Line Drive, 6M, EV 72.5 MPH)
Top of the 10th over - 0 runs, 1 hit, 0 errors, 3 left on base; Buffalo 1 - Norfolk 1
BOTTOM OF THE 10TH
Norfolk Tides batting - Pitching for Buffalo Bisons : RHP Joe Spencer
Batting: SHB Brian Bentz 0-0: Ball
1-0: Fly out, F3 (Popup, 3SF, EV 76.9 MPH)
Batting: RHB Bobby Melillo 0-0: Ball
1-0: Foul Ball, location: 2F
1-1: Ball
2-1: Swinging Strike
2-2: Strikes out looking
Batting: RHB Francisco Viera 0-0: Ball
1-0: Swinging Strike
1-1: Foul Ball, location: 2F
1-2: Foul Ball, location: 2F
1-2: Ground out 6-3 (Groundball, 6, EV 81.9 MPH)
Bottom of the 10th over - 0 runs, 0 hits, 0 errors, 0 left on base; Buffalo 1 - Norfolk 1
TOP OF THE 11TH
Buffalo Bisons batting - Pitching for Norfolk Tides : RHP Ryan Hemmerich
Batting: RHB Kyle Davis 0-0: Ball
1-0: Ball
2-0: Ball
3-0: Foul Ball, location: 2F
3-1: Base on Balls
Batting: RHB Kyle Scruggs 0-0: Ball
Kyle Davis steals 2nd, throwing error, E2
Kyle Davis to third
1-0: Ball
2-0: Ball
3-0: Called Strike
3-1: Fly out, F4 (Popup, 4, EV 77.5 MPH)
Batting: RHB John Loving 0-0: Ball
1-0: Bunted foul
1-1: Foul Ball, location: 2F
1-2: Ball
2-2: Foul Ball, location: 2F
2-2: Foul Ball, location: 2F
2-2: SINGLE (Groundball, 56D, EV 96.9 MPH)
Kyle Davis scores
Batting: RHB Michel Martineau 0-0: Ball
1-0: Foul Ball, location: 2F
1-1: Called Strike
1-2: Foul Ball, location: 2F
1-2: Foul Ball, location: 2F
1-2: Fielders Choice at 2nd, 6-4 (Groundball, 56, EV 87.5 MPH)
Batting: RHB Frank Caulfield 0-0: Foul Ball, location: 2F
0-1: Fielders Choice at 2nd, U6 (Groundball, 6M, EV 78.1 MPH)
Top of the 11th over - 1 run, 1 hit, 1 error, 1 left on base; Buffalo 2 - Norfolk 1
BOTTOM OF THE 11TH
Norfolk Tides batting - Pitching for Buffalo Bisons : RHP Joe Spencer
Batting: RHB Andrew Korman 0-0: Ground out U3 (Groundball, 3, EV 107.5 MPH)
Batting: RHB Kory Sanchez 0-0: Called Strike
0-1: Ball
1-1: Ball
2-1: Ball
3-1: Swinging Strike
3-2: SINGLE (Line Drive, 9LM, EV 100.6 MPH)
Pitching: LHP Dylan Batstone
Batting: RHB Mario Saez 0-0: Ball
1-0: Called Strike
1-1: Called Strike
1-2: Ball
2-2: Foul Ball, location: 2F
2-2: Strikes out swinging
Batting: SHB Ben Pierce 0-0: Called Strike
0-1: Foul Ball, location: 2F
0-2: Ball
1-2: Strikes out looking
Bottom of the 11th over - 0 runs, 1 hit, 0 errors, 1 left on base; Buffalo 2 - Norfolk 1
Tuesday, March 28th , 2023 - OOTP Baseball 23.10 Build 110